Vis, neutral male human Wizard ---- -..-- |....| |..<.-- --....- ..fG| .@%! ...| Vis the Wizard Experience level: 4 Strength: 11 Dexterity: 11 Constitution: 12 Intelligence: 15 Wisdom: 19 Charisma: 10 Health: 0(31) Energy: 26(36) Def: 3 Gold: 108 Moves: 674 Dungeon seed [set]: Game ID: Vis_1654675709 Your Inventory: Coins $ - 108 gold pieces Weapons a - a blessed +1 quarterstaff (weapon in hands) g - a cursed -1 spear Armor e - an uncursed +0 cloak of magic resistance (being worn) n - an uncursed +0 orcish helm q - an uncursed +0 leather armor (being worn) Comestibles i - an uncursed lichen corpse Scrolls h - an uncursed scroll of confuse monster Spellbooks b - a blessed spellbook of force bolt c - an uncursed spellbook of knock Wands d - an uncursed wand of nothing (0:8) Tools f - an uncursed tinning kit (0:37) Spells and supernatural/magical abilities: Name Level Category Fail Memory a - force bolt 1 attack 0% 97% k - knock 1 matter 0% 97% W - pray for help -- divine ? -- Your skills at the end: Miscellaneous Skills wands [Basic] stealth [Skilled] Weapon Skills quarterstaff [Basic] Spellcasting Skills attack spells [Basic] enchantment spells [Basic] Final Attributes: You were devoutly aligned. You were magic-protected. You were stealthy. You were unlucky. You are dead. Vanquished creatures: a gnome king a gnomish wizard a dwarf 4 gnomes a fox 2 newts a goblin a sewer rat 4 grid bugs 2 lichens a kobold zombie 19 creatures vanquished. Voluntary challenges: You did not adorn yourself with jewelry or accessories. You did not cause conflict. You were not invisible. You did not have reflection. You were not displaced. You were an atheist. You used a wielded weapon 20 times, starting on turn 35. You did not use tools. You did not use plumbed fixtures. You did not drink any magical draughts. You were illiterate. You never genocided any monsters. You never polymorphed an object. You never changed form. You used no wishes. You did not use any artifacts. You never split a pudding. You never wrote Elbereth's name. You never violated your personal moral code. Dungeon overview: The Dungeons of Doom: levels 1 to 2 Level 1 a long staircase Level 2 a fountain, a sink stairs to The Gnomish Mines The Gnomish Mines: Level 3 <- You were here stairs to The Dungeons of Doom History has recorded: On T:1 you entered the Dungeons of Doom to retrieve the Amulet of Yendor! On T:384 you reached level 2 of The Dungeons of Doom. On T:384 you unlocked the Ranger role by using stairs. On T:578 you advanced to experience level 2. On T:641 you reached level 1 of The Gnomish Mines. On T:641 you unlocked the Rogue role by using long stairs. On T:656 you unlocked the fruit name option by eating a melon. On T:666 you advanced to experience level 3. On T:672 you advanced to experience level 4. Score breakdown: Gold: 108 ( 10 points) Experience: 4 levels ( 300 points) Exploration: 3 levels ( 60 points) Discoveries: 0 items ( 0 points) Variety of kills: 11 monsters ( 550 points) Major goal: (nothing yet) ( 0 points) Survival: died (score multiplied by 3) Total score: 2760 Latest messages: The gnome lord swings his thonged club at you. The gnome lord hits you! You hit the gnomish wizard. The gnomish wizard points at you, then curses. The gnome lord swings his thonged club at you. The gnome lord hits you! You hit the gnomish wizard! Tigger eats a partly eaten gnome corpse. You hit the gnomish wizard! The gnomish wizard points at you, then curses. The gnome lord swings his thonged club at you. The gnome lord hits you! You kill the gnomish wizard! Welcome to experience level 4. The gnome lord swings his thonged club at you. The gnome lord hits you! A clear potion shatters! The spell hits it. You kill it! A looking glass shatters into a thousand pieces! You are almost hit by a dagger. The gnome lord swings his thonged club at you. The gnome lord hits you! You die... Final status: Goodbye Vis the Wizard, killed by a gnome lord... You died in The Gnomish Mines on dungeon level 3 with 2760 points, and 108 pieces of gold, after 674 moves. You were level 4 with a maximum of 31 hit points when you died.